 Dungeon Crawl Stone Soup version 0.27.1-1-g398f81649c (webtiles) character file.

Game seed: 16876295590336202608

65 ZARRMARR the Cutter (level 4, 0/31 HPs)
             Began as an Octopode Monk on Sept 9, 2021.
             Slain by a howler monkey (1 damage)
             ... on level 2 of the Dungeon.
             The game lasted 00:02:40 (1469 turns).

ZARRMARR the Cutter (Octopode Monk)                 Turns: 1469, Time: 00:02:41

Health: 0/31       AC:  1    Str: 10    XL:     4   Next: 14%
Magic:  4/4        EV: 14    Int: 13    God:
Gold:   52         SH:  0    Dex: 14    Spells: 3/3 levels left

rFire    . . .     SeeInvis .   a - +0 short sword
rCold    . . .     Faith    .   (no shield)
rNeg     . . .     Spirit   .   (helmet restricted)
rPois    .         Reflect  .   (no amulet)
rElec    .         Harm     .   (no ring)
rCorr    .         Rampage  .   (no ring)
Will     .....                  (no ring)
Stlth    +++.......             (no ring)
HPRegen  0.10/turn              (no ring)
MPRegen  0.09/turn              (no ring)
                                (no ring)
                                (no ring)

@: flying
A: almost no armour, amphibious, 8 rings, camouflage 1, gelatinous body 1,
(nimble swimmer 1), tentacles
a: no special abilities


You were on level 2 of the Dungeon.
You visited 1 branch of the dungeon, and saw 2 of its levels.

You collected 52 gold pieces.

Inventory:

Hand Weapons
 a - a +0 short sword (weapon)
Scrolls
 c - a scroll of teleportation {unknown}


   Skills:
 - Level 3.0 Fighting
 + Level 4.9 Short Blades
 - Level 3.0 Dodging
 - Level 2.6 Stealth


You had 3 spell levels left.
You didn't know any spells.
Your spell library contained the following spells:

 Spells                   Type           Power      Damage    Failure   Level
 Frozen Ramparts          Ice            0%         1d2       67%         3
 Ice Form                 Ice/Tmut       0%         N/A       97%         4
 Summon Ice Beast         Ice/Summ       0%         N/A       97%         4


Dungeon Overview and Level Annotations

Branches:
Dungeon (2/15)

Altars:

Shops:
D:1 [


Innate Abilities, Weirdness & Mutations

You cannot wear most types of armour.
You are amphibious.
You can wear up to eight rings at the same time.
Your skin changes colour to match your surroundings (Stealth+).
Your rubbery body absorbs attacks. (AC +1, EV +1)
((You are camouflaged near water. (Stealth+)))
You have tentacles for arms and can constrict up to eight enemies at once.


Message History

* * * LOW HITPOINT WARNING * * *
You feel sick. The adder barely misses you. The adder bites you.
* * * LOW HITPOINT WARNING * * *
You barely miss the adder. Your grab misses the adder. You squeeze the adder.
You kill the adder!
* * * LOW HITPOINT WARNING * * *
You feel sick.
You have reached level 4!
Unknown command.
Unknown command.
Unknown command.
Unknown command.
Unknown command.
You hit the rat.
You kill the rat!
You hit the hobgoblin but do no damage. You grab the hobgoblin.
You constrict the hobgoblin, but do no damage.
* * * LOW HITPOINT WARNING * * *
You feel sick. The hobgoblin closely misses you.
You hit the hobgoblin.
You kill the hobgoblin!
* * * LOW HITPOINT WARNING * * *
You feel sick.
You hit the giant cockroach. Your grab misses the giant cockroach.
Your squeeze misses the giant cockroach.
The giant cockroach is heavily wounded.
* * * LOW HITPOINT WARNING * * *
You feel sick.
You are no longer poisoned.
The giant cockroach barely misses you.
Unknown command.
You hit the giant cockroach but do no damage.
You grab the giant cockroach.
The giant cockroach is heavily wounded.
You constrict the giant cockroach.
You kill the giant cockroach!
You hit the howler monkey. Your grab misses the howler monkey.
The howler monkey is lightly wounded.
The howler monkey hits you.
You die...

#.....# #.#. ...
.. #.....#
...###.# .#
#.....#
#.....##g##..
#.....#
#.#.........
#####.#.#.#
#.....#
........#.#
#...#.#
#####.###.##
#r....#
####.......#
#h###.....
.......###.#####@#
#.#...
.................#
...##
####.#..##.#######
.### #.##.##.# .#
#.......#
####.#### ##.##
#...# #...#


You could see a howler monkey and a rat.

Vanquished Creatures
  3 adders (D:2)
  2 dart slugs (D:1)
  3 bats
  6 endoplasms
  2 giant cockroaches (D:2)
  A goblin (D:2)
  3 hobgoblins
  2 quokkas
  2 ball pythons (D:1)
  6 kobolds
  4 rats
34 creatures vanquished.

Vanquished Creatures (others)
  A fungus (D:1)
1 creature vanquished.

Grand Total: 35 creatures vanquished

Notes
Turn   | Place    | Note
-------+----------+-------------------------------------------
     0 | D:1      | ZARRMARR the Octopode Monk began the quest for the Orb.
     0 | D:1      | Reached XP level 1. HP: 16/16 MP: 1/1
    29 | D:1      | Reached XP level 2. HP: 3/21 MP: 2/2
   447 | D:1      | Found Niantu's Antique Armour Emporium.
   535 | D:1      | Reached skill level 4 in Short Blades
  1096 | D:1      | Found a faded altar of an unknown god.
  1187 | D:2      | Reached XP level 3. HP: 22/26 MP: 3/3
  1464 | D:2      | Reached XP level 4. HP: 3/31 MP: 4/4
  1467 | D:2      | HP: 1/31 [poisoned by an adder]
  1469 | D:2      | Slain by a howler monkey

Illustrated notes

Levels and vault maps discovered:
D:1:      beargit_arrival_greenhouse, layout_loops_corners, serial_shops, shop,
          shapermc_ecumenical_altar_petra, minmay_heptomino_w4
D:2:      layout_loops_cross, minmay_fractal_squares_5

Skill      XL: |  1  2 |
---------------+-------+-----
Short Blades   | 4 |  4.9
Fighting       | |  3.0
Dodging        | |  3.0
Stealth        | |  2.6

Action                   |  1- 3 |  4- 6 || total
-------------------------+-------+-------++-------
Melee: Short sword       |    64 |     6 ||    70
       Constrict         |    13 |     2 ||    15
       Tentacles         |    14 |       ||    14
  Use: Potion            |     1 |       ||     1
 Stab: Sleeping          |     8 |       ||     8
Armor: Skin              |     1 |       ||     1
Dodge: Dodged            |    28 |     2 ||    30
